 Dungeon Crawl Stone Soup version 0.32-a0-779-g362cfcae2a (webtiles) character file.

Game seed: 13725519573032567091

648 PetPorcupine the Chopper (level 7, 0/60 HPs)
             Began as a Mountain Dwarf Fighter on Mar 19, 2024.
             Was an Initiate of Trog.
             Slain by a gnoll
             ... wielding a +0 club
             ... led by a gnoll bouda
              (2 damage)
             ... on level 5 of the Dungeon on Mar 20, 2024.
             The game lasted 01:09:54 (3666 turns).

PetPorcupine the Chopper (Mountain Dwarf Fighter)   Turns: 3666, Time: 01:09:55

Health: 0/60       AC: 14    Str: 22    XL:     7   Next: 27%
Magic:  7/7        EV:  5    Int:  9    God:    Trog [......]
Gold:   152        SH:  4    Dex:  9    Spells: 6/6 levels left

rFire   + . .        u - +1 hand axe (heavy)
rCold   . . .        c - +0 buckler
rNeg    . . .        j - +0 plate armour
rPois   .            v - +2 hat "Iwiu" {rF+ Will+ SInv}
rElec   .            (no cloak)
rCorr   .            (no gloves)
SInv    +            (no boots)
Will    +....        (no amulet) Stlth
                     A - +2 ring of strength
HPRegen 0.30/turn    B - +4 ring of slaying
MPRegen 0.10/turn

%: no passive effects
@: mighty
A: runic magic, artefact enchanting
a: Renounce Religion


You were on level 5 of the Dungeon.
You worshipped Trog.
Trog was noncommittal.
You visited 2 branches of the dungeon, and saw 6 of its levels.

You collected 194 gold pieces.
You spent 42 gold pieces at shops.

Inventory:

Hand Weapons
 a - a +0 war axe
 d - a +0 dagger
 f - a +0 dagger
 h - a +0 dagger of protection
 m - a +1 dagger of electrocution
 o - a +3 short sword of protection
 t - a +0 vampiric spear
 u - a +1 heavy hand axe (weapon)
 z - a +0 dagger
 E - a +0 mace
Missiles
 e - 4 boomerangs (quivered)
 k - 9 poisoned darts
Armour
 b - a +0 scale mail
 c - a +0 buckler (worn)
 j - a +0 plate armour (worn)
 q - a +0 leather armour
 r - a +0 robe
 v - the +2 hat "Iwiu" (worn) {rF+ Will+ SInv}
   (You found it on level 4 of the Dungeon)

   rF+:       It protects you from fire.
   Will+:     It increases your willpower.
   SInv:      It lets you see invisible.
Jewellery
 n - a +6 ring of intelligence
 A - a +2 ring of strength (left hand)
 B - a +4 ring of slaying (right hand)
Talismans
 l - a maw talisman
Wands
 y - a wand of light (17)
Scrolls
 g - 3 scrolls of identify
 C - a scroll of amnesia
 D - a scroll of vulnerability
 F - a scroll of poison {unknown}
Potions
 i - a potion of degeneration {unknown}
 s - a potion of invisibility
 w - a potion of mutation {unknown}
 x - a potion of attraction {unknown}
 G - a potion of ambrosia {unknown}


   Skills:
 + Level 4.6 Fighting
 + Level 6.4 Axes
 + Level 5.6 Armour
 + Level 0.1 Dodging
 + Level 4.9 Shields


You had 6 spell levels left.
You didn't know any spells.
Your spell library was empty.

Dungeon Overview and Level Annotations

Branches:
Dungeon (5/15)             Temple (1/1) D:4

Altars:
Ashenzari
Cheibriados
Dithmenos
Elyvilon
Fedhas
Gozag
Hepliaklqana
Kikubaaqudgha
Makhleb
Nemelex Xobeh
Okawaru
Qazlal
Ru
Sif Muna
Trog
Uskayaw
Vehumet
Wu Jian
Xom
Yredelemnul
Zin

Shops:
D:3 =


Innate Abilities, Weirdness & Mutations

Your spellcasting is much less encumbered by armour.
You can use scrolls of enchantment on lesser artefacts.


Message History

The gnoll attacks as it pursues you!
The gnoll hits you from afar with a +0 spear.
The gnoll hits you with a +0 flail.
You hit the gnoll.
The gnoll is heavily wounded.
The gnoll barely misses you. The gnoll hits you but does no damage.
You block the gnoll's attack.
You feel very mighty all of a sudden.
Your attacks no longer feel as feeble.
The gnoll is no longer moving quickly.
The gnoll bouda barks out a call to the hunt!
The gnoll picks up the pace!
The gnoll hits you but does no damage. The gnoll closely misses you.
You slice the gnoll!!
You kill the gnoll!
Trog accepts your kill.
You slash the gnoll!
The gnoll is no longer moving quickly. x2
The gnoll hits you but does no damage. x2; You block the ogre's attack.
The quokka twitches its whiskers.
You block the gnoll's attack.
You slash the ogre!
The ogre is moderately wounded.
You closely miss the gnoll. The gnoll hits you with a +0 club.
The gnoll bouda gazes fiercely through you!
You feel your attacks grow feeble.
The gnoll hits you but does no damage. x2
The ogre hits you with a +0 giant club!!
* * * LOW HITPOINT WARNING * * *
There are monsters nearby!
The gnoll bouda barks out a call to the hunt!
The gnolls pick up the pace!
The gnoll hits you but does no damage. The gnoll barely misses you.
You begin transforming.
You continue transforming.
You block the ogre's attack. The gnoll closely misses you.
The gnoll barely misses you.
You continue transforming.
Your attacks no longer feel as feeble.
The gnoll hits you from afar with a +0 spear.
* * * LOW HITPOINT WARNING * * *
The gnoll hits you with a +0 club.
You die...

...# .... .#.# .#.#
######.#.# ......#.#
#####..
#######.$##.##.......
#.......@Og[.))......
#.......#gg.##.......
##.......#r..#
#####..
........<#.#.#
.........#)#.#
.........).#..
.........###..#
.........# #...
.........# ##


You could see an ogre, a gnoll bouda, 2 gnolls and a quokka.

Vanquished Creatures
  An orc warrior (D:5)
  A sky beast (D:4)
  A scorpion (D:5)
  2 orc priests
  A bombardier beetle (D:4)
  A hound (D:5)
  An iguana (D:4)
  7 adders
  8 gnolls
  2 ribbon worms
  12 dart slugs
  14 orcs
  3 bats
  5 endoplasms
  9 giant cockroaches
  5 goblins
  11 hobgoblins
  4 jackals (D:2)
  8 quokkas
  3 ball pythons
  3 frilled lizards
  10 kobolds
  6 rats
118 creatures vanquished.

Notes
Turn   | Place    | Note
-------+----------+-------------------------------------------
     0 | D:1      | PetPorcupine the Mountain Dwarf Fighter began the quest for
                  | the Orb.
     0 | D:1      | Reached XP level 1. HP: 19/19 MP: 1/1
   138 | D:1      | Reached XP level 2. HP: 26/26 MP: 2/2
   591 | D:1      | Reached skill level 3 in Axes
   595 | D:1      | Reached XP level 3. HP: 32/33 MP: 3/3
  1494 | D:3      | Reached skill level 4 in Axes
  1494 | D:3      | Reached XP level 4. HP: 37/40 MP: 4/4
  1836 | D:3      | Found Jaruczut's One-of-a-Kind Rings.
  1904 | D:3      | Bought a +2 ring of strength for 42 gold pieces
  2349 | D:4      | Reached XP level 5. HP: 40/46 MP: 5/5
  2351 | D:4      | Noticed a sky beast
  2377 | D:4      | Killed a sky beast
  2378 | D:4      | Reached skill level 5 in Axes
  2378 | D:4      | Reached XP level 6. HP: 22/53 MP: 6/6
  2441 | D:4      | Identified the +2 hat "Iwiu" {rF+ Will+ SInv}
  2726 | D:4      | Found a staircase to the Ecumenical Temple.
  3200 | Temple   | Entered the Ecumenical Temple
  3325 | Temple   | Became a worshipper of Trog the Wrathful
  3518 | D:4      | Upgraded the game from 0.32-a0-768-g0f6f1dd4b9 to
                  | 0.32-a0-779-g362cfcae2a
  3575 | D:5      | Entered Level 5 of the Dungeon
  3585 | D:5      | Reached skill level 5 in Armour
  3587 | D:5      | Noticed an orc warrior
  3609 | D:5      | Reached skill level 6 in Axes
  3614 | D:5      | Killed an orc warrior
  3615 | D:5      | Reached XP level 7. HP: 33/60 MP: 7/7
  3666 | D:5      | HP: 2/60 [gnoll/+0 spear[a gnoll bouda] (6)]
  3666 | D:5      | Slain by a gnoll

Illustrated notes

Levels and vault maps discovered:
D:1:      heliophobic_arrival_henge, layout_basic,
          nicolae_kite_square_tiling_tiny
D:2:      layout_basic
D:3:      layout_loops_ring, nicolae_shop_unique_rings
D:4:      kennysheep_slugbush, layout_loops_cross,
          minmay_temple_entry_water_ring, gup_sewer_entry_pipe,
          kennysheep_generic_room_11
D:5:      layout_basic
Temple:   compressed_dpeg_triangle_lava_temple

Skill      XL: |  1  2  3  4  5  6 |
---------------+-------------------+-----
Axes           | 3 4 5 6 |  6.4
Armour         | 4 5 |  5.6
Fighting       | 4 |  4.6
Shields        | 4 |  4.9
Dodging        | |  0.1

Action                     |  1- 3 |  4- 6 |  7- 9 || total
---------------------------+-------+-------+-------++-------
  Melee: War axe           |   106 |    14 |       ||   120
         Hand axe          |       |   126 |    12 ||   138
    Use: Potion            |     1 |     6 |     1 ||     8
         Scroll            |     2 |     3 |       ||     5
 Armour: Scale mail        |    12 |       |       ||    12
         Plate armour      |   116 |   187 |    25 ||   328
  Dodge: Dodged            |    46 |    64 |    15 ||   125
  Block: Buckler           |    25 |    39 |    10 ||    74
   Form: Maw               |       |       |     1 ||     1

Table legend: (Time is in decaauts)
 A = Elapsed time spent in this place.
 B = Non-inter-level travel time spent in this place.
 C = Inter-level travel time spent in this place.
 D = Time resting spent in this place.
 E = Time spent auto-exploring this place.
 F = Levels seen in this place.
 G = Mean time per level.
                   A        B        C        D        E       F      G
               +--------+--------+--------+--------+--------+-----+--------+
         Total |   3857 |   3856 |      1 |      0 |      0 |   6 |  642.8 |
       Dungeon |   3722 |   3721 |      1 |      0 |      0 |   5 |  744.4 |
        Temple |    134 |    134 |      0 |      0 |      0 |   1 |  134.0 |
               +--------+--------+--------+--------+--------+-----+--------+

Top non-repeatable levels by time:
     D:4: 1200 daAuts
     D:3: 943 daAuts
     D:2: 739 daAuts
     D:1: 731 daAuts
  Temple: 134 daAuts
     D:5: 109 daAuts
